 Dungeon Crawl Stone Soup version 0.15-a0-1646-g393eda0 (webtiles) character file.

10748 Kenran the Bludgeoner (level 11, -3/101 HPs)
             Began as a Minotaur Berserker on June 22, 2014.
             Was a High Priest of Trog.
             Slain by a hill giant
             ... wielding a +0 giant spiked club
              (20 damage)
             ... on Level 12 of the Dungeon.
             The game lasted 00:41:35 (11107 turns).

Kenran the Bludgeoner (Minotaur Berserker)         Turns: 11107, Time: 00:41:36

HP  -3/101       AC 11     Str 24      XL: 11   Next: 40%
MP   4/4         EV  6     Int  4      God: Trog [*****.]
Gold 555         SH  0     Dex 13      Spells:  0 memorised, 10 levels left

rFire  . . .     SeeInvis .     t - +2 flail (holy)
rCold  . . .     Clarity  .     L - +0 plate armour
rNeg   . . .     rCorr    .     (no shield)
rPois  .         rRot     .     H - +0 hat
rElec  .         Spirit   .     (no cloak)
SustAb .         Warding  .     (no gloves)
rMut   +         Stasis   .     (no boots)
Gourm  .                        p - amulet of resist mutation
MR     .....                    i - ring of regeneration
                                m - +2 ring of strength

@: not resistant to hostile enchantments, extremely unstealthy
A: retaliatory headbutt, horns 2
a: Burn Spellbooks, Berserk, Trog's Hand, Brothers in Arms, Renounce Religion


You were on level 12 of the Dungeon.
You worshipped Trog.
Trog was extremely pleased with you.
You were not hungry.

You visited 1 branch of the dungeon, and saw 12 of its levels.
You also visited: Ossuary.

You collected 555 gold pieces.

Inventory:

Hand weapons
 a - a +0 mace
 c - a +2 mace of protection
 t - a +2 flail of holy wrath (weapon)
Armour
 v - a +2 scale mail of fire resistance
 H - a +0 hat (worn)
 L - a +0 plate armour (worn)
Magical devices
 b - a wand of confusion (12) {unknown}
 o - a wand of teleportation (6) {unknown}
 u - a wand of cold (7) {unknown}
 B - a wand of paralysis (17) {unknown}
 K - a wand of enslavement (16) {unknown}
Comestibles
 h - a bread ration
 D - 2 meat rations
 E - 4 beef jerkies
Scrolls
 j - 3 scrolls of fear
 l - a scroll of blinking
 r - a scroll of identify
 y - 2 scrolls of magic mapping
 z - a scroll of enchant armour
 C - a scroll of fog
 F - a scroll of remove curse
Jewellery
 g - an uncursed ring of ice
 i - a ring of regeneration (right hand)
 k - the ring "Ismiptue" {rElec rC+ Stlth+, unknown}
   (You found it on level 10 of the Dungeon)

   [ring of stealth]

   It protects you from cold.
   It insulates you from electricity.
   It makes you more stealthy.
 m - a +2 ring of strength (left hand)
 p - an amulet of resist mutation (around neck)
 I - an uncursed ring of stealth
 M - an uncursed ring of wizardry
 N - an uncursed ring of ice
Potions
 d - 2 potions of paralysis {unknown}
 e - 2 potions of confusion {unknown}
 f - 4 potions of agility
 n - 2 potions of berserk rage {unknown}
 s - 5 potions of heal wounds {unknown}
 w - a potion of flight {unknown}
 x - a potion of might
 A - a potion of cure mutation {unknown}
 G - a potion of poison {unknown}
 J - 2 potions of haste {unknown}


   Skills:
 - Level 10.7 Fighting
 + Level 17.9 Maces & Flails
 - Level 2.4 Armour
 - Level 2.1 Dodging


You had 10 spell levels left.
You didn't know any spells.

Dungeon Overview and Level Annotations

Branches:
Dungeon (12/15) Temple (0/1) D:4 Orc (0/4) D:10 D:11 Lair: D:8-11

Altars:
Cheibriados
Fedhas
Gozag
Qazlal
Sif Muna
Trog
Vehumet
Zin

Shops:
D:4 [   D:9 }

Annotations:
D:10 Erolcha


Innate Abilities, Weirdness & Mutations

You reflexively headbutt those who attack you in melee.
You have a pair of horns on your head.


Message History

You thump the hill giant! You headbutt the hill giant!
The hill giant is severely wounded.
Your plate armour prevents you from hitting the hill giant.
The hill giant is severely wounded.
The hill giant hits you with a giant spiked club!
You hit the hill giant. You headbutt the hill giant.
The hill giant is severely wounded.
You hit the hill giant.
The hill giant is severely wounded.
The hill giant hits you with a giant spiked club!!
* * * LOW HITPOINT WARNING * * *
You completely miss the hill giant. Your headbutt misses the hill giant.
The hill giant is severely wounded.
Drink which item? (? for menu, Esc to quit)
Okay, then.
You hit the hill giant but do no damage.
Your headbutt misses the hill giant.
The hill giant is severely wounded.
The hill giant hits you with a giant spiked club!!
You die...

. #. .##. ... #..
# #.. ###.#..###
........#<#
#......# #.....@#
.........C.......
#.#......##.##.#
......##.# #
.#.#. #.# ..#.
#.# #. #.# ...
#.#


You could see a hill giant.

Vanquished Creatures
  Gastronok (D:10)
  Fannar (D:11)
  Erica (D:11)
  An unseen horror (D:10)
  A cyclops (D:10)
  A wraith (Ossuary)
  2 hippogriffs
  10 yaks
  3 deep elf magi
  Edmund (D:4)
  Menkaure (D:4)
  7 orc warriors
  A necrophage (D:10)
  A water moccasin (D:10)
  3 ice beasts
  2 yellow wasps
  7 ogres
  2 phantoms
  6 sky beasts
  A centaur (D:7)
  Sigmund (D:3)
  A crocodile (D:7)
  3 big kobolds
  Blork the orc (D:4)
  3 giant frogs
  An eye of draining (D:9)
  2 killer bees (D:8)
  2 scorpions
  A goliath beetle (D:8)
  2 crimson imps
  6 orc priests
  2 jellies
  Crazy Yiuf (D:4)
  3 hounds
  14 orc wizards
  5 worker ants
  5 iguanas
  Ijyb (D:4)
  Jessica (D:3)
  An ogre skeleton (D:7)
  2 mummies
  16 adders
  2 shadow imps
  A green rat (D:10)
  A giant mite (D:4)
  3 worms
  3 giant geckos
  An ooze (D:1)
  46 orcs
  2 ball pythons
  A bat zombie (D:6)
  5 giant cockroaches
  14 hobgoblins
  10 jackals
  4 quokkas
  15 bats
  3 giant newts
  8 gnoll skeletons (Ossuary)
  11 goblins
  22 kobolds
  7 kobold skeletons (Ossuary)
  11 orc skeletons
  A quokka skeleton (D:9)
  16 rats
  A rat zombie (D:7)
315 creatures vanquished.

Vanquished Creatures (others)
  A black bear skeleton (D:4)
  An orc wizard (D:9)
2 creatures vanquished.

Grand Total: 317 creatures vanquished

Notes
Turn   | Place    | Note
--------------------------------------------------------------
     0 | D:1      | Kenran, the Minotaur Berserker, began the quest for the Orb.
     0 | D:1      | Reached XP level 1. HP: 19/19 MP: 1/1
    77 | D:1      | Reached skill level 4 in Maces & Flails
   269 | D:1      | Reached XP level 2. HP: 26/26 MP: 1/1
   931 | D:1      | Acquired Trog's second power
   978 | D:2      | Reached skill level 5 in Maces & Flails
   978 | D:2      | Reached XP level 3. HP: 23/31 MP: 2/2
  1270 | D:2      | Found a glowing silver altar of Zin.
  1835 | D:2      | Reached XP level 4. HP: 39/39 MP: 2/2
  1870 | D:2      | Reached skill level 6 in Maces & Flails
  1952 | D:2      | Found a blossoming altar of Fedhas.
  1953 | D:2      | Found a stormy altar of Qazlal.
  2080 | D:2      | Found a snail-covered altar of Cheibriados.
  2277 | D:3      | Noticed Sigmund
  2296 | D:3      | Killed Sigmund
  2296 | D:3      | Reached skill level 7 in Maces & Flails
  2296 | D:3      | Reached XP level 5. HP: 9/45 MP: 2/2
  2681 | D:3      | Noticed Jessica
  2695 | D:3      | Killed Jessica
  2736 | D:3      | Reached skill level 8 in Maces & Flails
  2955 | D:4      | Noticed Ijyb
  2964 | D:4      | Killed Ijyb
  2964 | D:4      | Reached XP level 6. HP: 51/51 MP: 3/3
  2992 | D:4      | Acquired Trog's third power
  3027 | D:4      | Found a radiant altar of Vehumet.
  3084 | D:4      | Found Naok's Armour Shoppe.
  3149 | D:4      | Noticed Edmund
  3163 | D:4      | Killed Edmund
  3163 | D:4      | Reached skill level 9 in Maces & Flails
  3205 | D:4      | Noticed Blork the orc
  3213 | D:4      | Killed Blork the orc
  3235 | D:4      | Noticed Menkaure
  3244 | D:4      | Killed Menkaure
  3244 | D:4      | Reached XP level 7. HP: 36/57 MP: 3/3
  3626 | D:4      | Found a staircase to the Ecumenical Temple.
  3754 | D:4      | Noticed Crazy Yiuf
  3760 | D:4      | Killed Crazy Yiuf
  3760 | D:4      | Reached skill level 10 in Maces & Flails
  3851 | D:5      | Entered Level 5 of the Dungeon
  4063 | D:5      | Reached skill level 11 in Maces & Flails
  4252 | D:5      | Found a sand-covered staircase.
  4264 | Ossuary  | Entered an ossuary
  4264 | Ossuary  | Noticed a wraith
  4264 | Ossuary  | Noticed a wraith
  4264 | Ossuary  | Noticed a wraith
  4356 | Ossuary  | Noticed a wraith
  4374 | Ossuary  | Killed a wraith
  4374 | Ossuary  | Reached XP level 8. HP: 39/64 MP: 3/3
  5074 | D:6      | Reached skill level 12 in Maces & Flails
  5660 | D:6      | Reached skill level 13 in Maces & Flails
  5668 | D:6      | Reached XP level 9. HP: 70/70 MP: 4/4
  5673 | D:6      | Reached skill level 14 in Maces & Flails
  5959 | D:7      | Found a bloodstained altar of Trog.
  6282 | D:7      | Found an opulent altar of Gozag.
  6474 | D:7      | Reached skill level 15 in Maces & Flails
  7383 | D:8      | Reached skill level 16 in Maces & Flails
  7440 | D:8      | HP: 2/70 [iguana (8)]
  7698 | D:9      | Reached XP level 10. HP: 77/77 MP: 3/4
  8136 | D:9      | Found Plog's Gadget Shoppe.
  8253 | D:9      | Reached skill level 5 in Fighting
  8552 | D:9      | Received a gift from Trog
  8553 | D:9      | Found a deep blue altar of Sif Muna.
  8839 | D:10     | Entered Level 10 of the Dungeon
  8859 | D:10     | Noticed Gastronok
  8900 | D:10     | Killed Gastronok
  8936 | D:10     | Received a gift from Trog
  9220 | D:10     | Found a staircase to the Orcish Mines.
  9303 | D:10     | Reached skill level 10 in Fighting
  9484 | D:10     | Noticed Erolcha
  9575 | D:10     | Reached XP level 11. HP: 94/101 MP: 4/4
  9576 | D:10     | Noticed a cyclops
  9635 | D:10     | HP: 1/101 [something (6)]
  9813 | D:11     | Noticed Fannar
  9838 | D:11     | Killed Fannar
  9838 | D:11     | Reached skill level 17 in Maces & Flails
  9937 | D:11     | Noticed Erica
  9946 | D:11     | Killed Erica
 10267 | D:11     | Found a staircase to the Orcish Mines.
 10284 | D:11     | Received a gift from Trog
 10598 | D:10     | Got a flickering amber ring
 10639 | D:10     | Killed a cyclops
 10804 | D:10     | Killed an unseen horror
 11096 | D:12     | Noticed a hill giant
 11107 | D:12     | Slain by a hill giant

Action                   |  1- 3 |  4- 6 |  7- 9 | 10-12 || total
-------------------------+-------+-------+-------+-------++-------
Melee: Mace              |    83 |   126 |   356 |    61 ||   626
       Flail             |       |       |       |   286 ||   286
Invok: Berserk           |       |     2 |     5 |     5 ||    12
       Burn Spellbooks   |       |       |     1 |     1 ||     2
  Use: Scroll            |     4 |    11 |     9 |    12 ||    36
       Potion            |       |       |     4 |     6 ||    10
 Stab: Sleeping          |       |     1 |       |       ||     1
